 Dungeon Crawl Stone Soup version 0.29-a0-323-g050149af67 (webtiles) character file.

Game seed: 7801226951901435771

372 KateM the Slasher (level 7, -12/54 HPs)
             Began as a Formicid Fighter on Apr 12, 2022.
             Mangled by an ogre
             ... wielding a +0 giant club
              (29 damage)
             ... on level 4 of the Dungeon.
             The game lasted 00:05:47 (3847 turns).

KateM the Slasher (Formicid Fighter)                Turns: 3847, Time: 00:05:48

Health: -12/54     AC:  7    Str: 23    XL:     7   Next: 2%
Magic:  7/7        EV:  9    Int:  7    God:
Gold:   197        SH:  5    Dex: 10    Spells: 6/6 levels left

rFire   . . .      SeeInvis +   a - +0 long sword
rCold   . . .      Faith    .   c - +1 buckler
rNeg    . . .      Spirit   .   b - +0 scale mail
rPois   .          Reflect  .   (helmet unavailable)
rElec   .          Harm     .   h - scarf {shadows}
rCorr   .          Rampage  .   (no gloves)
Will    .....                   (no boots)
Stlth   ..........              (no amulet)
HPRegen 0.18/turn               (no ring)
MPRegen 0.10/turn               (no ring)

@: no status effects
A: permanent stasis, dig shafts and tunnels, antennae 3, four strong arms, claws
1, subdued magic 1
a: Dig, Shaft Self


You were on level 4 of the Dungeon.
You visited 1 branch of the dungeon, and saw 4 of its levels.

You collected 197 gold pieces.

Inventory:

Hand Weapons
 a - a +0 long sword (weapon)
Armour
 b - a +0 scale mail (worn)
 c - a +1 buckler (worn)
 h - a scarf of shadows (worn)
Magical Staves
 s - a staff of death
Wands
 j - a wand of charming (7)
Scrolls
 g - a scroll of fear
Potions
 d - a potion of magic {unknown}
 e - 3 potions of brilliance {unknown}
 i - 4 potions of resistance
 n - 4 potions of flight
 o - 2 potions of heal wounds


   Skills:
 + Level 4.1 Fighting
 * Level 5.2 Long Blades
 + Level 4.3 Armour
 + Level 1.0 Dodging
 + Level 0.9 Stealth
 + Level 4.4 Shields


You had 6 spell levels left.
You didn't know any spells.
Your spell library contained the following spells:

 Spells                   Type           Power      Damage    Failure   Level
 Beastly Appendage        Tmut           0%         N/A       77%         1
 Corpse Rot               Necr/Air       0%         N/A       89%         2
 Poisonous Vapours        Pois/Air       0%         N/A       89%         2
 Sublimation of Blood     Necr           0%         N/A       89%         2
 Wereblood                Tmut           0%         N/A       89%         2
 Spider Form              Tmut/Pois      0%         N/A       98%         3
 Petrify                  Tmut/Erth      0%         N/A       100%        4
 Irradiate                Conj/Tmut      0%         3d13      100%        5


Dungeon Overview and Level Annotations

Branches:
Dungeon (4/15)
 Temple: D:4-7

Altars:
Elyvilon
Zin
The Shining One

Shops:
D:1 (


Innate Abilities, Weirdness & Mutations

You cannot be hasted, slowed, berserked, paralysed or teleported.
You can dig through walls and to a lower floor.
You have a pair of large antennae on your head. (SInv)
Your four strong arms can wield two-handed weapons with a shield.
You have sharp fingernails.
Your spells are a little easier to cast, but a little less powerful.


Message History

No target in view!
Found a white marble altar of Elyvilon.
No target in view!
Found a glowing golden altar of the Shining One.
No target in view!
No target in view!
No target in view!
Found a runed leather armour.
No target in view!
Key pressed, stopping explore.
No target in view!
No target in view!
You see here a +1 leather armour of fire resistance.
Found 18 stones.
No target in view!
You see here 18 stones.
You now have 197 gold pieces (gained 10).
An ogre comes into view. It is wielding a +0 giant club.
Found a stone staircase leading up.
A kobold comes into view. It is wielding a +0 short sword.
The kobold shouts!
You hear an angry hiss.
You slash the ogre!
The ogre is moderately wounded.
The ogre hits you with a +0 giant club!!
You barely miss the ogre.
The ogre is moderately wounded.
You block the ogre's attack.
A kobold comes into view. It is wielding a +0 war axe.
The kobold shouts!
You hit the ogre.
The ogre is moderately wounded.
The ogre hits you with a +0 giant club!
The kobold unwields a +0 war axe.
The kobold wields a +0 hunting sling.
The kobold shoots a sling bullet.
The sling bullet closely misses you.
You slash the ogre!
The ogre is severely wounded.
The kobold shoots a sling bullet.
You block the sling bullet.
The ogre hits you with a +0 giant club!!
Ouch! That really hurt!
You die...

#.# ..# #.# #..# #.##
#..#### #..# #.....
##..# #.#.##
###...##########....###
...................$..K
###...##########....##
##..# #@#.## #####.#
#O# # ..# #.# #K# #.#
#.# #.. #.# #.# #<.
#.###.# #... ...<..#
##.. #.##### ..#


You could see an ogre and 2 kobolds.

Vanquished Creatures
  Sigmund (D:3)
  An ogre (D:3)
  Terence (D:2)
  3 gnolls (D:4)
  3 adders
  2 worms
  3 endoplasms
  4 giant cockroaches
  6 goblins
  3 hobgoblins
  7 kobolds
  A quokka (D:2)
  2 ball pythons
  4 bats
  3 frilled lizards
  2 rats (D:2)
46 creatures vanquished.

Notes
Turn   | Place    | Note
-------+----------+-------------------------------------------
     0 | D:1      | KateM the Formicid Fighter began the quest for the Orb.
     0 | D:1      | Reached XP level 1. HP: 18/18 MP: 1/1
   178 | D:1      | Reached XP level 2. HP: 14/24 MP: 2/2
   428 | D:1      | Found a faded altar of an unknown god.
   699 | D:1      | Found Tuhy's Antique Weapon Boutique.
  1352 | D:2      | Reached XP level 3. HP: 29/29 MP: 3/3
  2022 | D:2      | Reached skill level 3 in Long Blades
  2022 | D:2      | Reached XP level 4. HP: 34/36 MP: 4/4
  2369 | D:3      | Noticed an ogre
  2377 | D:3      | Killed an ogre
  2378 | D:3      | Reached skill level 4 in Long Blades
  2378 | D:3      | Reached XP level 5. HP: 16/42 MP: 5/5
  2864 | D:3      | Noticed Terence
  2864 | D:3      | Noticed Sigmund
  2901 | D:2      | Killed Terence
  3104 | D:2      | Gained mutation: Your spells are a little easier to cast,
                  | but a little less powerful. [potion of mutation]
  3104 | D:2      | Gained mutation: You have sharp fingernails. [potion of
                  | mutation]
  3247 | D:3      | Killed Sigmund
  3248 | D:3      | Reached skill level 5 in Long Blades
  3248 | D:3      | Reached skill level 1 in Dodging
  3248 | D:3      | Reached XP level 6. HP: 36/48 MP: 6/6
  3520 | D:4      | Reached XP level 7. HP: 13/54 MP: 7/7
  3781 | D:4      | Found a glowing silver altar of Zin.
  3782 | D:4      | Found a white marble altar of Elyvilon.
  3783 | D:4      | Found a glowing golden altar of the Shining One.
  3847 | D:4      | Mangled by an ogre

Illustrated notes

Levels and vault maps discovered:
D:1:      eino_arrival_cavern_c, layout_basic, serial_shops, shop,
          ebering_ecumenical_altar_hall, minmay_heptomino_d4
D:2:      layout_loops_cross
D:3:      layout_rooms, minivault_4, uniq_terence, uniq_sigmund
D:4:      layout_loops_corners, dreamdust_divine_triumvirate,
          minmay_misc_feat_cross, uniq_edmund

Skill      XL: |  1  2  3  4  5 |
---------------+----------------+-----
Long Blades    | 3 4 5 |  5.2
Armour         | 4 |  4.3
Shields        | 4 |  4.4
Fighting       | 4 |  4.1
Dodging        | 1 |  1.0
Stealth        | |  0.9

Action                   |  1- 3 |  4- 6 |  7- 9 || total
-------------------------+-------+-------+-------++-------
Melee: Long sword        |   109 |    77 |     4 ||   190
  Use: Scroll            |       |     9 |       ||     9
       Potion            |       |     3 |       ||     3
Armor: Scale mail        |    46 |    18 |       ||    64
Dodge: Dodged            |    52 |    34 |     1 ||    87
Block: Buckler           |    33 |    13 |     2 ||    48

Table legend: (Time is in decaauts)
 A = Elapsed time spent in this place.
 B = Non-inter-level travel time spent in this place.
 C = Inter-level travel time spent in this place.
 D = Time resting spent in this place.
 E = Time spent auto-exploring this place.
 F = Levels seen in this place.
 G = Mean time per level.
                   A        B        C        D        E       F      G
               +--------+--------+--------+--------+--------+-----+--------+
         Total |   3901 |   3901 |      0 |    884 |   2275 |   4 |  975.2 |
       Dungeon |   3901 |   3901 |      0 |    884 |   2275 |   4 |  975.2 |
               +--------+--------+--------+--------+--------+-----+--------+

Top non-repeatable levels by time:
     D:2: 1372 daAuts
     D:1: 1323 daAuts
     D:3: 843 daAuts
     D:4: 361 daAuts
